 Dungeon Crawl Stone Soup version 0.29-a0-67-g1d65ae1bb4 (webtiles) character file.

Game seed: 11506751188457930492

1927 Gargoyl the Skirmisher (level 9, 0/109 HPs)
             Began as a Gnoll Abyssal Knight on Feb 3, 2022.
             Was a Believer of Lugonu.
             Slain by a killer bee zombie (5 damage)
             ... on level 6 of the Dungeon.
             The game lasted 00:07:31 (5428 turns).

Gargoyl the Skirmisher (Gnoll Abyssal Knight)       Turns: 5428, Time: 00:07:32

Health: 0/109      AC: 12    Str: 17    XL:     9   Next: 17%
Magic:  9/15       EV:  2    Int: 10    God:    Lugonu [**....]
Gold:   888        SH:  0    Dex: 16    Spells: 16/16 levels left

rFire   . . .      SeeInvis +   l - +2 hand axe (freeze)
rCold   . . .      Faith    .   (no shield)
rNeg    . . .      Spirit   .   (armour currently unavailable)
rPois   +          Reflect  .   (helmet currently unavailable)
rElec   .          Harm     .   (cloak currently unavailable)
rCorr   .          Rampage  .   (gloves currently unavailable)
Will    .....      NoTele   +   (boots currently unavailable)
Stlth   ++++......              (no amulet)
HPRegen 0.28/turn               (no ring)
MPRegen 0.14/turn               (no ring)

@: tree-form, corroded, studying Dodging
A: stationary, stasis, torment immunity, boosted hp, (fangs 1), strong nose,
distributed training, thin skeletal structure 1, see invisible, agile 1
a: Renounce Religion, Depart the Abyss, Bend Space


You were on level 6 of the Dungeon.
You worshipped Lugonu.
Lugonu was pleased with you.
You were a tree.
You visited 1 branch of the dungeon, and saw 6 of its levels.
You visited the Abyss 1 time.

You collected 942 gold pieces.
You spent 54 gold pieces at shops.

Inventory:

Hand Weapons
 a - a +2 hand axe
 k - a +0 war axe
 l - a +2 hand axe of freezing (weapon)
Missiles
 q - 4 poisoned darts (quivered)
Armour
 g - a +1 cloak (melded)
 j - a +1 helmet (melded)
 m - the +1 chain mail of Komapp (melded) {Slay+2}
   (You took it off a hobgoblin on level 3 of the Dungeon)

   Slay:      It affects your accuracy & damage with ranged weapons and melee
   (+2).
 o - a +0 plate armour of positive energy
 r - a +0 pair of boots (melded)
Jewellery
 n - a +6 ring of intelligence
Wands
 p - a wand of digging (5)
Scrolls
 b - a scroll of immolation
 d - a scroll of identify
 e - 3 scrolls of fear
 i - a scroll of summoning
Potions
 c - 2 potions of brilliance
 f - a potion of curing
 h - a potion of lignification
 s - a potion of haste {unknown}
 t - a potion of degeneration {unknown}


   Skills:
 + Level 7.7 Fighting
 + Level 4.0 Short Blades
 + Level 4.0 Long Blades
 + Level 6.1 Axes
 + Level 4.0 Maces & Flails
 + Level 4.0 Polearms
 + Level 4.0 Staves
 + Level 4.0 Slings
 + Level 4.0 Bows
 + Level 4.0 Crossbows
 + Level 4.0 Throwing
 + Level 6.1 Armour
 + Level 6.2 Dodging
 + Level 4.0 Stealth
 + Level 4.0 Shields
 + Level 4.0 Unarmed Combat
 + Level 4.0 Spellcasting
 + Level 3.2 Conjurations
 + Level 3.2 Hexes
 + Level 3.2 Summonings
 + Level 3.2 Necromancy
 + Level 3.2 Translocations
 + Level 3.2 Transmutations
 + Level 3.2 Fire Magic
 + Level 3.2 Ice Magic
 + Level 3.2 Air Magic
 + Level 3.2 Earth Magic
 + Level 3.2 Poison Magic
 + Level 6.4 Invocations
 + Level 4.0 Evocations


You had 16 spell levels left.
You didn't know any spells.
Your spell library contained the following spells:

 Spells                   Type           Power      Damage    Failure   Level
 Sting                    Tmut/Pois      32%        1d4       7%          1
 Corpse Rot               Necr/Air       16%        N/A       10%         2
 Poisonous Vapours        Pois/Air       16%        N/A       10%         2
 Stone Arrow              Conj/Erth      16%        3d8       21%         3
 Animate Armour           Summ/Erth      16%        N/A       54%         4
 Olgreb's Toxic Radiance  Pois           8%         N/A       54%         4
 Lehudib's Crystal Spear  Conj/Erth      4%         10d3      100%        8


Dungeon Overview and Level Annotations

Branches:
Dungeon (6/15)
 Temple: D:4-7

Altars:
Cheibriados
Gozag
Yredelemnul

Shops:
D:4 =[*


Innate Abilities, Weirdness & Mutations

You are a tree.
Your roots penetrate the ground, keeping you stationary.
You cannot be teleported.
You are immune to unholy pain and torment.
Your maximum health is greatly increased.
Your equipment is partially melded.
((You have very sharp teeth.))
Your uncanny sense of smell can sniff out nearby items.
Your experience applies equally to all skills.
You have a somewhat thin skeletal structure. (Dex +2, Stealth+)
You have supernaturally acute eyesight. (SInv)
You are agile. (Dex +2)


Message History

The killer bee zombie completely misses you.
The killer bee zombie hits you but does no damage.
You hit the killer bee zombie.
The killer bee zombie is moderately damaged.
The killer bee zombie hits you but does no damage.
The killer bee zombie barely misses you.
You slash the killer bee zombie! You freeze the killer bee zombie.
The killer bee zombie is severely damaged.
The killer bee zombie hits you but does no damage. x2
You hit the killer bee zombie but do no damage.
The killer bee zombie is severely damaged.
The killer bee zombie barely misses you.
You completely miss the killer bee zombie.
The killer bee zombie is severely damaged.
The killer bee zombie hits you.
* * * LOW HITPOINT WARNING * * *
The killer bee zombie hits you.
* * * LOW HITPOINT WARNING * * *
You hit the killer bee zombie.
The killer bee zombie is almost destroyed.
The killer bee zombie hits you but does no damage.
The killer bee zombie hits you.
* * * LOW HITPOINT WARNING * * *
You closely miss the killer bee zombie.
The killer bee zombie is almost destroyed.
The killer bee zombie hits you.
* * * LOW HITPOINT WARNING * * *
The killer bee zombie hits you but does no damage.
You hit the killer bee zombie but do no damage.
The killer bee zombie is almost destroyed.
The killer bee zombie hits you but does no damage.
The killer bee zombie barely misses you.
You closely miss the killer bee zombie.
The killer bee zombie is almost destroyed.
The killer bee zombie hits you but does no damage.
You barely miss the killer bee zombie.
The killer bee zombie is almost destroyed.
The killer bee zombie hits you but does no damage.
The killer bee zombie hits you.
You die...

#.....#
........###
.....##
.#+#......#
#....#
##.....#
##.### ∆
#.....#
.<.#
##....#
#...# ∆
∆#.####
#...# ∆
#..# #...#
##.# #...#
∆ #♣# .....
∆......Z.##
......
∆.?....#..#
.......
#######..#
∆∆#...# ∆
∆#...#
#..## ∆
.... #.#.(.


You could see a killer bee zombie.

Vanquished Creatures
  Pikel (D:6)
  Duvessa (D:6)
  An orc warrior (D:4)
  An ice beast (D:6)
  An ogre (D:5)
  2 lemures (D:6)
  A centaur (D:6)
  3 scorpions
  Dowan (D:6)
  A water moccasin skeleton (D:5)
  A jelly (D:2)
  A gnoll shaman (D:6)
  2 orc priests
  2 hounds
  A bullfrog skeleton (D:6)
  An iguana (D:5)
  3 orc wizards
  8 gnolls (D:5)
  7 adders
  2 ufetubi
  2 worms
  3 dart slugs
  12 orcs
  6 ball pythons
  5 endoplasms
  6 giant cockroaches
  2 goblins
  3 hobgoblins
  3 jackals (D:5)
  5 kobolds
  4 bats
  5 frilled lizards
  4 rats (D:1)
101 creatures vanquished.

Vanquished Creatures (collateral kills)
  A bat (D:2)
1 creature vanquished.

Grand Total: 102 creatures vanquished

Notes
Turn   | Place    | Note
-------+----------+-------------------------------------------
     0 | Abyss:1  | Gargoyl the Gnoll Abyssal Knight began the quest for the
                  | Orb.
     0 | Abyss:1  | Reached XP level 1. HP: 23/23 MP: 3/3
     0 | D:1      | Escaped the Abyss
   115 | D:1      | Reached XP level 2. HP: 26/29 MP: 5/5
   270 | D:1      | Reached * piety under Lugonu
  1075 | D:2      | Reached XP level 3. HP: 35/35 MP: 6/6
  1581 | D:2      | Reached skill level 1 in Short Blades
  1581 | D:2      | Reached skill level 1 in Long Blades
  1581 | D:2      | Reached skill level 1 in Maces & Flails
  1581 | D:2      | Reached skill level 1 in Polearms
  1581 | D:2      | Reached skill level 1 in Staves
  1581 | D:2      | Reached skill level 1 in Slings
  1581 | D:2      | Reached skill level 1 in Bows
  1581 | D:2      | Reached skill level 1 in Crossbows
  1581 | D:2      | Reached skill level 1 in Throwing
  1581 | D:2      | Reached skill level 1 in Stealth
  1581 | D:2      | Reached skill level 1 in Shields
  1581 | D:2      | Reached skill level 1 in Unarmed Combat
  1581 | D:2      | Reached skill level 1 in Spellcasting
  1581 | D:2      | Reached skill level 1 in Evocations
  1581 | D:2      | Reached XP level 4. HP: 24/41 MP: 7/7
  2181 | D:3      | Reached skill level 1 in Conjurations
  2181 | D:3      | Reached skill level 1 in Hexes
  2181 | D:3      | Reached skill level 1 in Summonings
  2181 | D:3      | Reached skill level 1 in Necromancy
  2181 | D:3      | Reached skill level 1 in Translocations
  2181 | D:3      | Reached skill level 1 in Transmutations
  2181 | D:3      | Reached skill level 1 in Fire Magic
  2181 | D:3      | Reached skill level 1 in Ice Magic
  2181 | D:3      | Reached skill level 1 in Air Magic
  2181 | D:3      | Reached skill level 1 in Earth Magic
  2181 | D:3      | Reached skill level 1 in Poison Magic
  2346 | D:3      | Reached XP level 5. HP: 36/47 MP: 8/8
  2801 | D:3      | Found a faded altar of an unknown god.
  2925 | D:4      | Noticed an orc warrior
  2954 | D:3      | Identified the +1 chain mail of Komapp {Slay+2}
  3093 | D:4      | Reached ** piety under Lugonu
  3094 | D:4      | Reached skill level 5 in Invocations
  3099 | D:4      | Reached XP level 6. HP: 44/53 MP: 9/9
  3269 | D:4      | Found Moadgh's Jewellery Emporium.
  3364 | D:4      | Identified the +10 short sword of Dithmenos's Envy {vorpal,
                  | rElec Dex+4}
  3385 | D:4      | Killed an orc warrior
  3386 | D:4      | Reached skill level 5 in Axes
  3386 | D:4      | Reached skill level 5 in Armour
  3670 | D:4      | Found Copra's Armour Shop.
  3858 | D:4      | Found a basalt altar of Yredelemnul.
  3915 | D:4      | Found Urik's Assorted Antiques.
  3918 | D:4      | Bought a scroll labelled GOJAOSEUDU for 27 gold pieces
  3918 | D:4      | Bought a scroll labelled REHIYF GEWOW for 27 gold pieces
  3921 | D:4      | Acquired 666 gold pieces
  3997 | D:5      | Entered Level 5 of the Dungeon
  4113 | D:5      | Reached XP level 7. HP: 58/59 MP: 10/10
  4418 | D:5      | Reached skill level 7 in Fighting
  4474 | D:5      | Found an opulent altar of Gozag.
  5140 | D:6      | Gained mutation: You have a somewhat thin skeletal
                  | structure. (Dex +2, Stealth+) [potion of mutation]
  5140 | D:6      | Gained mutation: You are agile. (Dex +2) [potion of
                  | mutation]
  5140 | D:6      | Gained mutation: You have supernaturally acute eyesight.
                  | (SInv) [potion of mutation]
  5192 | D:6      | Reached XP level 8. HP: 60/67 MP: 12/12
  5196 | D:6      | Noticed Duvessa
  5200 | D:6      | Noticed Dowan
  5211 | D:6      | Killed Dowan
  5211 | D:6      | Killed Duvessa
  5212 | D:6      | Reached skill level 5 in Dodging
  5324 | D:6      | Found a snail-covered altar of Cheibriados.
  5356 | D:6      | Noticed Pikel
  5365 | D:6      | Reached *** piety under Lugonu
  5388 | D:6      | Killed Pikel
  5394 | D:6      | Reached XP level 9. HP: 57/72 MP: 12/14
  5418 | D:6      | HP: 4/109 [killer bee zombie (4)]
  5425 | D:6      | HP: 4/109 [killer bee zombie (3)]
  5428 | D:6      | Slain by a killer bee zombie

Illustrated notes

Levels and vault maps discovered:
D:1:      tarquinn_simple_flora_water_e, layout_basic, minmay_liquid_box,
          st_stairs_12
D:2:      layout_rooms, minmay_misc_feat_diagonals,
          corexii_item_surrounded_by_moat, patterned_corridor
D:3:      layout_basic, shapermc_ecumenical_altar_venn
D:4:      layout_cave_pools, mainiacjoe_overflow_24_doors, serial_shops,
          nicolae_shop_behind_doors, nicolae_shop_hallway_stairs,
          nicolae_lakefront_shop
D:5:      layout_basic, mainiacjoe_overflow_alcove_4, saegor_snake_ambush
D:6:      layout_basic, mainiacjoe_overflow_cross_hatched,
          minmay_divided_ellipse, uniq_pikel, uniq_duvessa

Skill      XL: |  1  2  3  4  5  6  7  8  9 |
---------------+----------------------------+-----
Short Blades   | 1 2 3 4 |  4.0
Long Blades    | 1 2 3 4 |  4.0
Maces & Flails | 1 2 3 4 |  4.0
Polearms       | 1 2 3 4 |  4.0
Staves         | 1 2 3 4 |  4.0
Slings         | 1 2 3 4 |  4.0
Bows           | 1 2 3 4 |  4.0
Crossbows      | 1 2 3 4 |  4.0
Throwing       | 1 2 3 4 |  4.0
Stealth        | 1 2 3 4 |  4.0
Shields        | 1 2 3 4 |  4.0
Unarmed Combat | 1 2 3 4 |  4.0
Spellcasting   | 1 2 3 4 |  4.0
Evocations     | 1 2 3 4 |  4.0
Conjurations   | 1 2 3 |  3.2
Hexes          | 1 2 3 |  3.2
Summonings     | 1 2 3 |  3.2
Necromancy     | 1 2 3 |  3.2
Translocations | 1 2 3 |  3.2
Transmutations | 1 2 3 |  3.2
Fire Magic     | 1 2 3 |  3.2
Ice Magic      | 1 2 3 |  3.2
Air Magic      | 1 2 3 |  3.2
Earth Magic    | 1 2 3 |  3.2
Poison Magic   | 1 2 3 |  3.2
Dodging        | 3 4 6 |  6.2
Invocations    | 5 6 |  6.4
Axes           | 5 6 |  6.1
Armour         | 5 6 |  6.1
Fighting       | 7 |  7.7

Action                   |  1- 3 |  4- 6 |  7- 9 || total
-------------------------+-------+-------+-------++-------
Melee: Hand axe          |    71 |   131 |   141 ||   343
       Bite              |     3 |    10 |    20 ||    33
       Punch             |     1 |     3 |     2 ||     6
Throw: Dart              |       |       |     1 ||     1
Invok: Depart the Abyss  |     1 |       |       ||     1
       Bend Space        |       |       |     1 ||     1
       Banish            |       |       |     2 ||     2
  Use: Scroll            |     5 |     6 |     2 ||    13
       Potion            |     1 |       |     4 ||     5
 Stab: Sleeping          |     1 |     3 |       ||     4
Armor: Leather armour    |    42 |     7 |       ||    49
       Chain mail        |       |    56 |   108 ||   164
       Ring mail         |       |     8 |       ||     8
       Skin              |       |       |    25 ||    25
Dodge: Dodged            |    78 |    70 |    76 ||   224

Table legend: (Time is in decaauts)
 A = Elapsed time spent in this place.
 B = Non-inter-level travel time spent in this place.
 C = Inter-level travel time spent in this place.
 D = Time resting spent in this place.
 E = Time spent auto-exploring this place.
 F = Levels seen in this place.
 G = Mean time per level.
                   A        B        C        D        E       F      G
               +--------+--------+--------+--------+--------+-----+--------+
         Total |   5466 |   5300 |    166 |    323 |   3898 |   7 |  780.9 |
       Dungeon |   5466 |   5300 |    166 |    323 |   3898 |   6 |  911.0 |
         Abyss |      0 |      0 |      0 |      0 |      0 |   1 |    0.0 |
               +--------+--------+--------+--------+--------+-----+--------+

Top non-repeatable levels by time:
     D:3: 1111 daAuts
     D:5: 1020 daAuts
     D:1: 987 daAuts
     D:2: 958 daAuts
     D:4: 954 daAuts
     D:6: 434 daAuts
